 Dungeon Crawl Stone Soup version 0.17.1-3-g152610e (webtiles) character file.

129 angel3174 the Insei (level 4, -1/35 HPs)
             Began as a Vampire Monk on Mar 12, 2016.
             Slain by a wasp zombie (8 damage)
             ... on level 4 of the Dungeon.
             The game lasted 00:15:53 (2072 turns).

angel3174 the Insei (Vampire Monk)                  Turns: 2072, Time: 00:15:53

Health: -1/35      AC:  5    Str: 11    XL:     4   Next: 88%
Magic:  4/4        EV: 12    Int: 12    God:
Gold:   135        SH:  0    Dex: 16    Spells: 0 memorised, 3 levels left

rFire  . . .     SeeInvis +       - Unarmed
rCold  . . .     Clarity  .     h - +0 ring mail
rNeg   . . .     SustAt   .     (no shield)
rPois  .         Gourm    .     (no helmet)
rElec  .         Spirit   .     (no cloak)
rCorr  .         Warding  .     (no gloves)
rMut   .         Stasis   .     (no boots)
MR     .....                    (no amulet)
Stlth  ++........               (no ring)
                                (no ring)

@: regenerating quickly, not resistant to hostile enchantments, unstealthy
A: fangs 3, see invisible, unbreathing
a: no special abilities


You were on level 4 of the Dungeon.
You were full.

You visited 1 branch of the dungeon, and saw 4 of its levels.

You collected 135 gold pieces.

Inventory:

Hand Weapons
 m - a +0 trident
 n - a +0 whip
 q - a +0 short sword
 u - a +0 dagger
Missiles
 f - 70 stones
 r - 2 javelins (quivered)
Armour
 a - a +0 robe
 h - a +0 ring mail (worn)
 j - a cursed +0 buckler
 t - a +0 leather armour
Wands
 x - a wand of slowing (28)
Scrolls
 c - 2 scrolls of identify {unknown}
 i - a scroll of immolation {unknown}
 l - a scroll of magic mapping {unknown}
 p - a scroll of remove curse {unknown}
Potions
 b - a potion of blood
 d - a potion of curing {unknown}
 g - 2 potions of resistance {unknown}
 k - a potion of beneficial mutation {unknown}
 o - a potion of might {unknown}
 s - a potion of degeneration {unknown}


   Skills:
 + Level 3.2 Fighting
 + Level 1.2 Armour
 + Level 4.3 Dodging
 + Level 4.0 Stealth
 + Level 5.0 Unarmed Combat


You had 3 spell levels left.
You didn't know any spells.

Dungeon Overview and Level Annotations

Branches:
Dungeon (4/15)
 Temple: D:4-7

Altars:
Elyvilon
Ru

Annotations:
D:4 WereVolvo's ghost, amateur OgHu


Innate Abilities, Weirdness & Mutations

Your natural rate of healing is unusually fast.
You have razor-sharp teeth.
You have supernaturally acute eyesight.
You can survive without breathing.


Message History

Press: ? - help, Shift-Dir - straight line, f/p - wasp zombie
Aim: a wasp zombie You throw a javelin.
The javelin completely misses the wasp zombie.
The wasp zombie misses you. The wasp zombie hits you.
You hit the wasp zombie but do no damage.
The wasp zombie hits you.
You hit the wasp zombie. The wasp zombie hits you.
You closely miss the wasp zombie.
You bite the wasp zombie, but do no damage.
The wasp zombie hits you but does no damage.
You hit the wasp zombie. The wasp zombie hits you.
You hit the wasp zombie. Your bite misses the wasp zombie.
The wasp zombie hits you. The wasp zombie hits you!
* * * LOW HITPOINT WARNING * * *
There is an open door here.
The wasp zombie hits you but does no damage.
The wasp zombie closely misses you. The wasp zombie hits you!
You die...

#..........!(.....
#.................
#..+.................
#..#.................
#+####..#....##+##w#......
#...##..#....#.....#......
#...##..#....#.[...'......
+.......#....#†Z...#......
#.......#....÷@....#....>.
#...# #.#....####+## .....
#...###.##.....# ..###
..#........'...).# .#
..#........#.....# .#
..#........#.....#
..#........#.....#
..##+####..#.....#
......###'##............


You could see a worm and a wasp zombie.

Vanquished Creatures
  An orc priest (D:4)
  An orc wizard (D:4)
  3 adders
  An ooze (D:2)
  A worm (D:2)
  4 giant geckos
  7 orcs (D:4)
  3 bats
  6 goblins
  4 hobgoblins
  3 kobolds (D:1)
  2 ball pythons
  A giant cockroach (D:3)
  2 giant newts
  3 rats
  2 fungi (D:1)
44 creatures vanquished.

Notes
Turn   | Place    | Note
--------------------------------------------------------------
     0 | D:1      | angel3174 the Vampire Monk began the quest for the Orb.
     0 | D:1      | Reached XP level 1. HP: 17/17 MP: 1/1
   167 | D:1      | Reached XP level 2. HP: 23/23 MP: 2/2
   684 | D:2      | Found a white marble altar of Elyvilon.
   914 | D:2      | Found a sacrificial altar of Ru.
   928 | D:2      | Reached XP level 3. HP: 20/28 MP: 3/3
  1454 | D:3      | Reached skill level 5 in Unarmed Combat
  1679 | D:4      | Noticed WereVolvo's ghost (amateur OgHu)
  1796 | D:4      | Reached XP level 4. HP: 25/35 MP: 4/4
  1949 | D:4      | Reached skill level 1 in Armour
  2072 | D:4      | Slain by a wasp zombie

Action                   |  1- 3 |  4- 6 || total
-------------------------+-------+-------++-------
Melee: Unarmed           |   158 |    30 ||   188
Throw: Stone             |     3 |       ||     3
       Javelin           |       |     9 ||     9
 Stab: Sleeping          |     4 |       ||     4
  Eat: Corpse            |     7 |     3 ||    10
